TOP OF THE 1ST |
Washington Nationals batting - Pitching for Miami Marlins : RHP Bo Chia
|
Pitching: RHP Bo Chia
|
|
Batting: LHB R.J. O'Brien
|
0-0: Foul Ball, location: 2F 0-1: Swinging Strike 0-2: Ball 1-2: Foul Ball, location: 2F 1-2: SINGLE (Flyball, 5D, EV 79.4 MPH)
|
Batting: RHB C.J. Beavers
|
0-0: Called Strike 0-1: Ball 1-1: Foul Ball, location: 2F 1-2: Foul Ball, location: 2F 1-2: SINGLE (Groundball, 6S, EV 70.6 MPH) (infield hit) R.J. O'Brien to second
|
Batting: SHB Junzo Kato
|
0-0: Called Strike 0-1: Grounds into double play, 5-4-3 (Groundball, 56, EV 83.1 MPH) R.J. O'Brien to third
|
Batting: LHB Seth Cook
|
0-0: Called Strike 0-1: Foul Ball, location: 2F 0-2: Ball 1-2: Foul Ball, location: 2F 1-2: Strikes out swinging
|
Top of the 1st over - 0 runs, 2 hits, 0 errors, 1 left on base; Washington 0 - Miami 0 |
BOTTOM OF THE 1ST |
Miami Marlins batting - Pitching for Washington Nationals : RHP Manuel Romero
|
Pitching: RHP Manuel Romero
|
|
Batting: RHB Roger Salazar
|
0-0: Called Strike 0-1: Foul Ball, location: 2F 0-2: Ground out 4-3 (Groundball, 4, EV 89.4 MPH)
|
Batting: RHB Micah Christopher
|
0-0: Ball 1-0: Ball 2-0: Foul Ball, location: 2F 2-1: Ground out 6-3 (Groundball, 6, EV 82.5 MPH)
|
Batting: LHB Andre Gorter
|
0-0: Called Strike 0-1: Ball 1-1: Ball 2-1: TRIPLE (Flyball, 89XD, EV 100.6 MPH)
|
Batting: RHB Jimmy Groseclose
|
0-0: Foul Ball, location: 2F 0-1: Ball 1-1: Ball 2-1: SINGLE (Groundball, 6D, EV 95.6 MPH) Andre Gorter scores
|
Batting: LHB Eric Bailey
|
0-0: Foul Ball, location: 2F 0-1: SINGLE (Flyball, 5D, EV 94.4 MPH) Jimmy Groseclose to second
|
Batting: RHB Steve Barnard
|
0-0: Ball 1-0: Ball 2-0: Called Strike 2-1: Foul Ball, location: 2F 2-2: DOUBLE (Groundball, 5L, EV 106.2 MPH) Jimmy Groseclose scores Eric Bailey to third
|
Batting: LHB Kyle Beaulieu
|
0-0: Ball 1-0: SINGLE (Groundball, 34D, EV 99.4 MPH) Eric Bailey scores Steve Barnard to third Runner from 3rd tries for Home, SAFE, throw by RF to home
|
Batting: RHB Justin Huff
|
0-0: Called Strike 0-1: Ball 1-1: Fly out, F8 (Flyball, 8LD, EV 88.1 MPH)
|
Bottom of the 1st over - 4 runs, 5 hits, 0 errors, 1 left on base; Washington 0 - Miami 4 |
TOP OF THE 2ND |
Washington Nationals batting - Pitching for Miami Marlins : RHP Bo Chia
|
Batting: RHB Luis Torres
|
0-0: Ball 1-0: Ball 2-0: Called Strike 2-1: Foul Ball, location: 2F 2-2: Ball 3-2: Fly out, F9 (Line Drive, 9, EV 92.5 MPH)
|
Batting: LHB Armando Carbajal
|
0-0: Ball 1-0: Called Strike 1-1: Ball 2-1: Foul Ball, location: 2F 2-2: Ball 3-2: Fly out, F4 (Line Drive, 4, EV 69.4 MPH)
|
Batting: RHB John Sanders
|
0-0: Ball 1-0: Swinging Strike 1-1: Foul Ball, location: 2F 1-2: Ground out 6-3 (Groundball, 6S, EV 67.5 MPH)
|
Top of the 2nd over - 0 runs, 0 hits, 0 errors, 0 left on base; Washington 0 - Miami 4 |
BOTTOM OF THE 2ND |
Miami Marlins batting - Pitching for Washington Nationals : RHP Manuel Romero
|
Batting: RHB Mike Sonn
|
0-0: Fly out, F7 (Line Drive, 7, EV 107.5 MPH)
|
Batting: RHB Roger Salazar
|
0-0: Ball 1-0: Ball 2-0: Ball 3-0: Called Strike 3-1: Swinging Strike 3-2: Strikes out swinging
|
Batting: RHB Micah Christopher
|
0-0: Ball 1-0: Ball 2-0: SINGLE (Groundball, 34D, EV 106.9 MPH)
|
Batting: LHB Andre Gorter
|
0-0: Ball 1-0: Ball 2-0: Ground out U3 (Groundball, 3L, EV 105.0 MPH)
|
Bottom of the 2nd over - 0 runs, 1 hit, 0 errors, 1 left on base; Washington 0 - Miami 4 |
TOP OF THE 3RD |
Washington Nationals batting - Pitching for Miami Marlins : RHP Bo Chia
|
Batting: RHB Dan Fallon
|
0-0: Ball 1-0: Ball 2-0: Ball 3-0: Fly out, F7 (Flyball, 78XD, EV 99.4 MPH)
|
Batting: SHB Alex Ethridge
|
0-0: Foul Ball, location: 2F 0-1: Foul Ball, location: 2F 0-2: Ground out U3 (Groundball, 34S, EV 80.6 MPH)
|
Batting: LHB R.J. O'Brien
|
0-0: Ball 1-0: Ball 2-0: Called Strike 2-1: Swinging Strike 2-2: Strikes out looking
|
Top of the 3rd over - 0 runs, 0 hits, 0 errors, 0 left on base; Washington 0 - Miami 4 |
BOTTOM OF THE 3RD |
Miami Marlins batting - Pitching for Washington Nationals : RHP Manuel Romero
|
Batting: RHB Jimmy Groseclose
|
0-0: Called Strike 0-1: Foul Ball, location: 2F 0-2: Strikes out swinging
|
Batting: LHB Eric Bailey
|
0-0: Called Strike 0-1: Ground out 2-3 (Groundball, 13S, EV 68.8 MPH)
|
Batting: RHB Steve Barnard
|
0-0: Ball 1-0: Ball 2-0: Called Strike 2-1: Ground out 4-3 (Groundball, 4, EV 106.2 MPH)
|
Bottom of the 3rd over - 0 runs, 0 hits, 0 errors, 0 left on base; Washington 0 - Miami 4 |
TOP OF THE 4TH |
Washington Nationals batting - Pitching for Miami Marlins : RHP Bo Chia
|
Batting: RHB C.J. Beavers
|
0-0: Ball 1-0: Fly out, F8 (Flyball, 8LD, EV 108.1 MPH)
|
Batting: SHB Junzo Kato
|
0-0: Called Strike 0-1: Fly out, F9 (Flyball, 89M, EV 95.0 MPH)
|
Batting: LHB Seth Cook
|
0-0: Called Strike 0-1: Foul Ball, location: 2F 0-2: Strikes out looking
|
Top of the 4th over - 0 runs, 0 hits, 0 errors, 0 left on base; Washington 0 - Miami 4 |
BOTTOM OF THE 4TH |
Miami Marlins batting - Pitching for Washington Nationals : RHP Manuel Romero
|
Batting: LHB Kyle Beaulieu
|
0-0: Fly out, F7 (Flyball, 7, EV 90.6 MPH)
|
Batting: RHB Justin Huff
|
0-0: DOUBLE (Line Drive, 3D, EV 94.4 MPH)
|
Batting: RHB Mike Sonn
|
0-0: Ball 1-0: Swinging Strike 1-1: Called Strike 1-2: Ball 2-2: Strikes out swinging
|
Batting: RHB Roger Salazar
|
0-0: Ball 1-0: Ball 2-0: Foul Ball, location: 2F 2-1: Ball 3-1: Base on Balls
|
Batting: RHB Micah Christopher
|
0-0: Swinging Strike 0-1: Swinging Strike 0-2: Ball 1-2: Foul Ball, location: 2F 1-2: SINGLE (Line Drive, 9S, EV 94.4 MPH) Justin Huff to third Roger Salazar to second Runner from 3rd tries for Home, SAFE, throw by RF to home
|
Pitching: LHP Jesus Gallegos
|
|
Batting: LHB Andre Gorter
|
0-0: Ball 1-0: Called Strike 1-1: Called Strike 1-2: Ball 2-2: Ground out 4-3 (Groundball, 13, EV 91.2 MPH)
|
Bottom of the 4th over - 1 run, 2 hits, 0 errors, 2 left on base; Washington 0 - Miami 5 |
TOP OF THE 5TH |
Washington Nationals batting - Pitching for Miami Marlins : RHP Bo Chia
|
Batting: RHB Luis Torres
|
0-0: Ball 1-0: Ball 2-0: Fly out, F4 (Line Drive, 4, EV 66.2 MPH)
|
Batting: LHB Armando Carbajal
|
0-0: Ball 1-0: Ball 2-0: Ball 3-0: Called Strike 3-1: Foul Ball, location: 2F 3-2: Base on Balls
|
Batting: RHB John Sanders
|
0-0: Called Strike 0-1: Fly out, F8 (Line Drive, 8RM, EV 110.0 MPH)
|
Batting: RHB Dan Fallon
|
0-0: SINGLE (Line Drive, 8LS, EV 100.6 MPH) Armando Carbajal to second
|
Batting: SHB Alex Ethridge
|
0-0: Ball 1-0: Swinging Strike 1-1: Foul Ball, location: 2F 1-2: Foul Ball, location: 2F 1-2: Fielders Choice at 2nd, 6-4 (Groundball, 56, EV 103.1 MPH)
|
Top of the 5th over - 0 runs, 1 hit, 0 errors, 2 left on base; Washington 0 - Miami 5 |
BOTTOM OF THE 5TH |
Miami Marlins batting - Pitching for Washington Nationals : LHP Jesus Gallegos
|
Batting: RHB Jimmy Groseclose
|
0-0: Ball 1-0: Ball 2-0: SINGLE (Flyball, 7LM, EV 95.0 MPH)
|
Batting: LHB Eric Bailey
|
0-0: Ball 1-0: SINGLE (Groundball, 3, EV 81.2 MPH) (infield hit) Jimmy Groseclose to second
|
Batting: RHB Steve Barnard
|
0-0: Grounds into double play, 4-6-3 (Groundball, 4, EV 100.0 MPH) Jimmy Groseclose to third
|
Batting: LHB Kyle Beaulieu
|
0-0: SINGLE (Groundball, 34D, EV 101.2 MPH) Jimmy Groseclose scores
|
Batting: RHB Justin Huff
|
0-0: Called Strike 0-1: Fielders Choice at 2nd, 6-4 (Groundball, 6, EV 81.2 MPH)
|
Bottom of the 5th over - 1 run, 3 hits, 0 errors, 1 left on base; Washington 0 - Miami 6 |
TOP OF THE 6TH |
Washington Nationals batting - Pitching for Miami Marlins : RHP Bo Chia
|
Batting: LHB R.J. O'Brien
|
0-0: SINGLE (Groundball, 56D, EV 94.4 MPH)
|
Batting: RHB C.J. Beavers
|
0-0: Ball 1-0: Foul Ball, location: 2F 1-1: Foul Ball, location: 2F 1-2: DOUBLE (Line Drive, 8RXD, EV 106.2 MPH) R.J. O'Brien to third
|
Batting: SHB Junzo Kato
|
0-0: 3-RUN HOME RUN (Flyball, 7D, EV 100.6 MPH), Distance : 374 ft
|
Batting: LHB Seth Cook
|
0-0: Called Strike 0-1: Ball 1-1: Ball 2-1: SINGLE (Groundball, 3D, EV 100.6 MPH)
|
Batting: RHB Luis Torres
|
0-0: Called Strike 0-1: Ball 1-1: Ball 2-1: Fielders Choice at 2nd, 5-4 (Groundball, 56, EV 102.5 MPH)
|
Batting: LHB Armando Carbajal
|
0-0: Ball 1-0: Ball 2-0: Ball 3-0: Base on Balls Luis Torres to second
|
Batting: RHB John Sanders
|
0-0: Ball Luis Torres steals 3rd base 1-0: Ball Pickoff Throw to First - Out! 1-3 2-0: Foul Ball, location: 2F 2-1: Ball 3-1: Fly out, F9 (Flyball, 89M, EV 75.0 MPH)
|
Top of the 6th over - 3 runs, 4 hits, 0 errors, 1 left on base; Washington 3 - Miami 6 |
BOTTOM OF THE 6TH |
Miami Marlins batting - Pitching for Washington Nationals : LHP Jesus Gallegos
|
Batting: RHB Mike Sonn
|
0-0: Ball 1-0: Called Strike 1-1: Ball 2-1: SINGLE (Line Drive, 4MD, EV 104.4 MPH)
|
Batting: RHB Roger Salazar
|
0-0: Called Strike 0-1: DOUBLE (Groundball, 5L, EV 103.8 MPH) Mike Sonn to third
|
Batting: RHB Micah Christopher
|
0-0: Ground out 4-3 (Groundball, 4, EV 84.4 MPH)
|
Batting: LHB Andre Gorter
|
0-0: Fly out, F8 (Flyball, 8RD, EV 103.1 MPH)
|
Batting: RHB Jimmy Groseclose
|
0-0: Intentional Walk
|
Batting: LHB Eric Bailey
|
0-0: Ball 1-0: Fly out, F8 (Flyball, 8LM, EV 88.1 MPH)
|
Bottom of the 6th over - 0 runs, 2 hits, 0 errors, 3 left on base; Washington 3 - Miami 6 |
TOP OF THE 7TH |
Washington Nationals batting - Pitching for Miami Marlins : RHP Bo Chia
|
Batting: RHB Dan Fallon
|
0-0: Ball 1-0: Ball 2-0: Ground out 5-3 (Groundball, 56, EV 88.8 MPH)
|
Batting: SHB Alex Ethridge
|
0-0: Ball 1-0: Ground out U3 (Groundball, 3, EV 88.1 MPH)
|
Batting: LHB R.J. O'Brien
|
0-0: Foul Ball, location: 2F 0-1: Ball 1-1: SINGLE (Line Drive, 7S, EV 103.8 MPH)
|
Pitching: RHP Adam Bonawitz
|
|
Batting: RHB C.J. Beavers
|
0-0: Called Strike R.J. O'Brien steals 2nd base (no throw) 0-1: Ball 1-1: Ball 2-1: Ball 3-1: Foul Ball, location: 2F 3-2: Fly out, F8 (Line Drive, 8RD, EV 101.2 MPH)
|
Top of the 7th over - 0 runs, 1 hit, 0 errors, 1 left on base; Washington 3 - Miami 6 |
BOTTOM OF THE 7TH |
Miami Marlins batting - Pitching for Washington Nationals : LHP Jesus Gallegos
|
Pitching: RHP Julio Pizano
|
|
Batting: RHB Steve Barnard
|
0-0: Foul Ball, location: 2F 0-1: Called Strike 0-2: Ball 1-2: Ball 2-2: Foul Ball, location: 2F 2-2: Strikes out swinging
|
Pitching: RHP Brian Ramirez
|
|
Batting: LHB Kyle Beaulieu
|
0-0: Called Strike 0-1: Ball 1-1: Ground out 4-3 (Groundball, 4, EV 86.9 MPH)
|
Batting: RHB Justin Huff
|
0-0: Ball 1-0: Fly out, F9 (Line Drive, 9S, EV 100.6 MPH)
|
Bottom of the 7th over - 0 runs, 0 hits, 0 errors, 0 left on base; Washington 3 - Miami 6 |
TOP OF THE 8TH |
Washington Nationals batting - Pitching for Miami Marlins : RHP Adam Bonawitz
|
Batting: SHB Junzo Kato
|
0-0: Ball 1-0: Called Strike 1-1: Called Strike 1-2: Fly out, F8 (Flyball, 78D, EV 86.2 MPH)
|
Batting: LHB Seth Cook
|
0-0: Ball 1-0: Called Strike 1-1: Called Strike 1-2: DOUBLE (Line Drive, 7LD, EV 105.6 MPH)
|
Batting: RHB Luis Torres
|
0-0: Foul Ball, location: 2F 0-1: Ball 1-1: Ground out 4-3 (Groundball, 4S, EV 84.4 MPH) Seth Cook to third
|
Batting: LHB Armando Carbajal
|
0-0: Swinging Strike 0-1: Called Strike 0-2: Ball 1-2: Foul Ball, location: 2F 1-2: Foul Ball, location: 2F 1-2: Ball 2-2: Strikes out swinging
|
Top of the 8th over - 0 runs, 1 hit, 0 errors, 1 left on base; Washington 3 - Miami 6 |
BOTTOM OF THE 8TH |
Miami Marlins batting - Pitching for Washington Nationals : RHP Brian Ramirez
|
Batting: RHB Mike Sonn
|
0-0: Ball 1-0: Called Strike 1-1: Ground out 5-3 (Groundball, 56S, EV 85.0 MPH)
|
Batting: RHB Roger Salazar
|
0-0: Ball 1-0: Ball 2-0: Called Strike 2-1: Ball 3-1: Called Strike 3-2: Base on Balls
|
Batting: RHB Micah Christopher
|
0-0: Called Strike Roger Salazar steals 2nd base 0-1: Ball 1-1: Ball 2-1: Foul Ball, location: 2F 2-2: Ball 3-2: Base on Balls
|
Batting: LHB Andre Gorter
|
0-0: Ball 1-0: Fly out, F7 (Flyball, 7D, EV 90.0 MPH) Runner from 2nd tags up, SAFE at 3rd with throw by LF
|
Batting: RHB Jimmy Groseclose
|
0-0: Called Strike 0-1: DOUBLE (Line Drive, 5D, EV 94.4 MPH) Roger Salazar scores Micah Christopher to third Runner from 3rd tries for Home, SAFE, throw by LF to home
|
Batting: LHB Eric Bailey
|
0-0: Called Strike 0-1: Foul Ball, location: 2F 0-2: Strikes out swinging
|
Bottom of the 8th over - 2 runs, 1 hit, 0 errors, 1 left on base; Washington 3 - Miami 8 |
TOP OF THE 9TH |
Washington Nationals batting - Pitching for Miami Marlins : RHP Adam Bonawitz
|
Batting: RHB John Sanders
|
0-0: Ball 1-0: Called Strike 1-1: Foul Ball, location: 2F 1-2: SOLO HOME RUN (Flyball, 7D, EV 99.4 MPH), Distance : 372 ft
|
Batting: RHB Dan Fallon
|
0-0: Called Strike 0-1: Ball 1-1: Fly out, F7 (Flyball, 7D, EV 100.0 MPH)
|
Batting: SHB Alex Ethridge
|
0-0: Ball 1-0: Ground out 4-3 (Groundball, 4, EV 89.4 MPH)
|
Batting: LHB R.J. O'Brien
|
0-0: Called Strike 0-1: Foul Ball, location: 2F 0-2: Ball 1-2: Ball 2-2: SINGLE (Groundball, 6MS, EV 63.8 MPH) (infield hit)
|
Batting: RHB C.J. Beavers
|
0-0: Ground out 4-3 (Groundball, 4, EV 78.8 MPH)
|
Top of the 9th over - 1 run, 2 hits, 0 errors, 1 left on base; Washington 4 - Miami 8 |
|